[Event "World Prestigious University 2019"]
[Site "Tianjin"]
[Date "2019.11.29"]
[Round "10.14"]
[White "Tarasov, Alexandr"]
[Black "Chandra, Akshat"]
[Result "0-1"]
[WhiteElo "2348"]
[BlackElo "2524"]
[PlyCount "100"]
[EventDate "2019.11.26"]
[EventType "team-tourn"]
[EventCountry "CHN"]
[TimeControl "1500+10"]
[WhiteClock "0:00:31"]
[BlackClock "0:00:12"]

1. c4 e6 2. Nc3 d5 3. d4 a6 4. cxd5 exd5 5. Bf4 c6 6. e3 Bd6 7. Bd3 Ne7 8. Bxd6 Qxd6 9. Nge2 Bf5 10. f3 O-O 11. O-O Nd7 12. e4 dxe4 13. fxe4 Bg4 14. e5 Qh6 15. Qc2 c5 16. Qc1 Qxc1 17. Raxc1 cxd4 18. Nxd4 Nxe5 19. Be4 Rad8 20. Nb3 b5 21. Nc5 Bc8 22. b4 Rd4 23. a4 bxa4 24. N3xa4 Rxb4 25. Rb1 Rd4 26. Rfd1 Rc4 27. Rdc1 Rxc1+ 28. Rxc1 Rd8 29. Nb6 g6 30. Nxc8 Rxc8 31. Bb7 Rd8 32. Bxa6 Nf5 33. Re1 Rd5 34. Ne4 Kg7 35. Bf1 h5 36. Nc3 Rc5 37. Ne4 Ra5 38. Nf2 Rd5 39. Rd1 Ra5 40. Re1 Kf8 41. Nd3 Ng4 42. Be2 Nge3 43. Bf3 Ra2 44. Be4 Rd2 45. Bxf5 Nxg2 46. Re5 Nh4 47. Be4 Rxd3 48. Kf2 Rd4 49. Kg3 f6 50. Re6 Kf7 0-1

[Event "World Prestigious University 2019"]
[Site "Tianjin"]
[Date "2019.11.29"]
[Round "10.15"]
[White "Derakhshani, Dorsa"]
[Black "Bogachkova, Alena"]
[Result "1-0"]
[WhiteElo "2277"]
[BlackElo "2080"]
[PlyCount "73"]
[EventDate "2019.11.26"]
[EventType "team-tourn"]
[EventCountry "CHN"]
[TimeControl "1500+10"]
[WhiteClock "0:00:22"]
[BlackClock "0:05:04"]

1. e4 c5 2. Nf3 Nc6 3. d4 cxd4 4. Nxd4 e5 5. Nb5 d6 6. c4 Be7 7. N1c3 a6 8. Na3 Nf6 9. Be3 O-O 10. Qd2 Ng4 11. Nd5 Nxe3 12. Qxe3 Bg5 13. Qb6 Nd4 14. Bd3 Be6 15. Qxd8 Bxd8 16. Ne3 Ba5+ 17. Kf1 Rac8 18. b3 g6 19. Nac2 Bb6 20. Nb4 f5 21. Nbd5 Bd8 22. exf5 gxf5 23. f4 e4 24. Be2 b5 25. Rd1 Nxe2 26. Kxe2 bxc4 27. Nxc4 Rc5 28. Nce3 Bf7 29. Rd2 Bh5+ 30. Kf2 Kf7 31. Nxf5 Kg6 32. Nxd6 Ba5 33. b4 Rxd5 34. Rxd5 Bxb4 35. Rg5+ Kf6 36. Nxe4+ Ke6 37. Rxh5 1-0

[Event "World Prestigious University 2019"]
[Site "Tianjin"]
[Date "2019.11.29"]
[Round "10.16"]
[White "Isakov, Michael"]
[Black "Weichao, Chu"]
[Result "0-1"]
[WhiteElo "2162"]
[BlackElo "2423"]
[PlyCount "133"]
[EventDate "2019.11.26"]
[EventType "team-tourn"]
[EventCountry "CHN"]
[TimeControl "1500+10"]
[WhiteClock "0:02:46"]
[BlackClock "0:01:53"]

1. d4 Nf6 2. Nf3 g6 3. c4 Bg7 4. Nc3 d5 5. Qb3 c6 6. Bf4 dxc4 7. Qxc4 Be6 8. Qd3 Nd5 9. Nxd5 cxd5 10. Qb3 Qa5+ 11. Bd2 Qb6 12. e3 Nc6 13. Bd3 O-O 14. O-O Bg4 15. Qxd5 Rad8 16. Qb5 Bxf3 17. gxf3 Nxd4 18. exd4 Qxd4 19. Be3 Qxd3 20. Qxb7 Rd7 21. Qb4 Qf5 22. Kg2 a5 23. Qg4 Qd5 24. Rfd1 Qxd1 25. Rxd1 Rxd1 26. Qa4 Rd5 27. b4 axb4 28. Qxb4 e6 29. a4 Ra8 30. Bb6 Bf8 31. Qe4 Be7 32. Bc7 Rc8 33. Bf4 Bf6 34. Be3 h5 35. Qb4 Ra8 36. Bb6 Rb8 37. a5 Bd8 38. Qf4 Ra8 39. Bxd8 Raxd8 40. Qc7 R5d7 41. Qb6 Ra8 42. Kg3 Rda7 43. Kf4 Rxa5 44. Qd6 Rd5 45. Qe7 Rf5+ 46. Kg3 Kh7 47. Qd6 Ra4 48. h4 e5 49. Qe7 Raf4 50. Kg2 Rxf3 51. Kh2 Rxf2+ 52. Kg1 R2f4 53. Kg2 Rg4+ 54. Kh3 e4 55. Kh2 Rff4 56. Qe8 Rxh4+ 57. Kg3 Rhg4+ 58. Kh3 Rf3+ 59. Kh2 Rf6 60. Qe7 Rgf4 61. Kg3 Rf3+ 62. Kg2 Re6 63. Qf8 Rf5 64. Qb4 e3 65. Kh3 e2 66. Qe1 Rf1 67. Qc3 0-1

[Event "World Prestigious University 2019"]
[Site "Tianjin"]
[Date "2019.11.29"]
[Round "10.17"]
[White "Wei, Siyu"]
[Black "Lu, Andrew H"]
[Result "1-0"]
[WhiteElo "2106"]
[BlackElo "2071"]
[PlyCount "44"]
[EventDate "2019.11.26"]
[EventType "team-tourn"]
[EventCountry "CHN"]
[TimeControl "1500+10"]
[WhiteClock "0:15:29"]
[BlackClock "0:17:07"]

1. d4 Nf6 2. Bg5 Ne4 3. Bf4 c5 4. d5 Qb6 5. Qc1 e6 6. dxe6 dxe6 7. Nf3 Be7 8. e3 O-O 9. Bd3 Nf6 10. Nbd2 Nd5 11. Bg3 Nc6 12. c3 Qd8 13. Qc2 h6 14. O-O b6 15. Rfd1 Bb7 16. Nc4 b5 17. Nce5 Nxe5 18. Nxe5 c4 19. Bh7+ Kh8 20. e4 Ne3 21. fxe3 Qc8 22. Bg6 Qe8 1-0

[Event "World Prestigious University 2019"]
[Site "Tianjin"]
[Date "2019.11.29"]
[Round "10.18"]
[White "Papanek, Ella"]
[Black "Lu, Hongyi"]
[Result "1-0"]
[WhiteElo "1777"]
[BlackElo "1862"]
[PlyCount "77"]
[EventDate "2019.11.26"]
[EventType "team-tourn"]
[EventCountry "CHN"]
[TimeControl "1500+10"]
[WhiteClock "0:00:15"]
[BlackClock "0:00:27"]

1. d4 Nf6 2. c4 e6 3. Nc3 d5 4. cxd5 exd5 5. Bg5 c6 6. e3 h6 7. Bh4 Bd6 8. Bd3 Be6 9. Nge2 O-O 10. Rc1 Nbd7 11. f3 Re8 12. e4 Be7 13. e5 Nh7 14. Bg3 c5 15. f4 f5 16. Bf2 Nhf8 17. Ng3 g6 18. Qf3 cxd4 19. Bxd4 Bc5 20. Nge2 Rc8 21. a3 Bxd4 22. Nxd4 Nc5 23. Bb5 Re7 24. O-O a6 25. Be2 Ne4 26. Rfd1 Qb6 27. Na4 Qa7 28. Rxc8 Bxc8 29. b4 Ne6 30. Qe3 Rc7 31. Nxf5 Qxe3+ 32. Nxe3 Nxf4 33. Bf3 Be6 34. Bxe4 dxe4 35. Nc5 Ne2+ 36. Kf2 Nc3 37. Rd8+ Kf7 38. Rh8 Bd7 39. e6+ 1-0

[Event "World Prestigious University 2019"]
[Site "Tianjin"]
[Date "2019.11.29"]
[Round "11.1"]
[White "Weichao, Chu"]
[Black "TannerAustin, McNamara"]
[Result "1/2-1/2"]
[WhiteElo "2423"]
[BlackElo "1983"]
[PlyCount "101"]
[EventDate "2019.11.26"]
[EventType "team-tourn"]
[EventCountry "CHN"]
[TimeControl "1500+10"]
[WhiteClock "0:00:54"]
[BlackClock "0:00:37"]

1. d4 d5 2. c4 c6 3. Nf3 Nf6 4. Nbd2 g6 5. e3 Bg7 6. Be2 O-O 7. O-O a6 8. b3 Nbd7 9. Bb2 Ne4 10. cxd5 cxd5 11. Ne5 Nxe5 12. dxe5 Qa5 13. Nf3 Be6 14. Qe1 Qxe1 15. Rfxe1 Rfc8 16. Rac1 Rxc1 17. Rxc1 Rc8 18. Rxc8+ Bxc8 19. h3 Kf8 20. Bd4 Ke8 21. Bd3 f5 22. exf6 Nxf6 23. g4 Kf8 24. Ng5 Kg8 25. f4 Ne8 26. Kg2 Bxd4 27. exd4 Nd6 28. Kg3 Bd7 29. Nf3 Bb5 30. Bc2 Be2 31. Ng1 Bb5 32. Kf2 a5 33. Nf3 Kg7 34. Ne5 Be8 35. Bd3 b5 36. a3 Nf7 37. Ke3 Nd6 38. Be2 Nf7 39. Bf3 e6 40. Nd3 Nd6 41. Nc5 Kf6 42. Be2 Ke7 43. h4 h5 44. Bd1 Kf6 45. g5+ Ke7 46. Bc2 Bf7 47. Bd3 Be8 48. Kd2 Bf7 49. Ke3 Be8 50. Kd2 Bf7 51. Ke3 1/2-1/2

[Event "World Prestigious University 2019"]
[Site "Tianjin"]
[Date "2019.11.29"]
[Round "11.2"]
[White "Lei, Sean"]
[Black "Wei, Siyu"]
[Result "0-1"]
[WhiteElo "1895"]
[BlackElo "2106"]
[PlyCount "96"]
[EventDate "2019.11.26"]
[EventType "team-tourn"]
[EventCountry "CHN"]
[TimeControl "1500+10"]
[WhiteClock "0:00:48"]
[BlackClock "0:00:21"]

1. e4 c5 2. Nf3 e6 3. c3 d5 4. d3 dxe4 5. dxe4 Qxd1+ 6. Kxd1 b6 7. Bb5+ Bd7 8. Bxd7+ Nxd7 9. Bf4 Ngf6 10. Nbd2 Nh5 11. Be3 Bd6 12. Nc4 Bc7 13. a4 Nhf6 14. Nfd2 Ng4 15. f3 Nxe3+ 16. Nxe3 Ke7 17. Ke2 Rhd8 18. Ndc4 a6 19. Na3 Ne5 20. Rad1 Nc6 21. g3 Rab8 22. Rxd8 Nxd8 23. b4 cxb4 24. cxb4 Bd6 25. Rb1 a5 26. Nac2 axb4 27. Nxb4 Ra8 28. Nd3 Ra6 29. Nc4 Bc7 30. Ke3 Rxa4 31. Nxb6 Ra2 32. Nf2 Rc2 33. Na4 Nc6 34. Rb2 Rc4 35. Ra2 Nb4 36. Rd2 Nc6 37. Nb2 Bb6+ 38. Kf4 Rc5 39. Nbd3 Ra5 40. Rb2 Bd4 41. Rc2 Kd7 42. h4 h5 43. g4 hxg4 44. Nxg4 e5+ 45. Kg5 Nd8 46. Kf5 Ne6 47. Ndxe5+ Ke7 48. Rc6 g6# 0-1

[Event "World Prestigious University 2019"]
[Site "Tianjin"]
[Date "2019.11.29"]
[Round "11.3"]
[White "Lu, Hongyi"]
[Black "Zhou, Qiyu"]
[Result "1-0"]
[WhiteElo "1862"]
[BlackElo "2216"]
[PlyCount "129"]
[EventDate "2019.11.26"]
[EventType "team-tourn"]
[EventCountry "CHN"]
[TimeControl "1500+10"]
[WhiteClock "0:01:17"]
[BlackClock "0:01:14"]

1. e4 e5 2. Nf3 Nc6 3. Bb5 a6 4. Ba4 Nf6 5. O-O Be7 6. Re1 b5 7. Bb3 d6 8. c3 O-O 9. h3 Nb8 10. d4 Nbd7 11. Nbd2 Bb7 12. Bc2 Re8 13. Nf1 Bf8 14. Ng3 g6 15. Bg5 Bg7 16. Qd2 Nf8 17. d5 Qd7 18. b3 c6 19. c4 Rac8 20. Rac1 Qe7 21. h4 Qd7 22. Red1 Ng4 23. Bd3 h6 24. Be3 Qe7 25. Be2 Red8 26. a4 bxc4 27. bxc4 cxd5 28. cxd5 Nxe3 29. Qxe3 Nd7 30. h5 Nc5 31. a5 Rc7 32. Rc2 Rdc8 33. Rdc1 Qd7 34. Qa3 f5 35. hxg6 fxe4 36. Nh4 Bxd5 37. Nhf5 Be6 38. Bg4 Rb8 39. Qe3 Rb3 40. Rc3 Rxc3 41. Rxc3 h5 42. Nxg7 Qxg7 43. Bxh5 Rb7 44. Nxe4 Rb1+ 45. Kh2 Qh8 46. Ng3 Rb4 47. Qg5 Qg7 48. Rf3 Rb8 49. Bg4 Bd5 50. Rc3 Qh8+ 51. Bh5 Qg7 52. Nf5 Ne4 53. Qh4 Qf6 54. Qxf6 Nxf6 55. Be2 Be4 56. Nxd6 Bxg6 57. Bxa6 Ra8 58. Rc8+ Rxc8 59. Bxc8 Kf8 60. a6 Nd5 61. a7 Nc7 62. Bb7 Be8 63. Nxe8 Kxe8 64. a8=Q+ Nxa8 65. Bxa8 1-0

[Event "World Prestigious University 2019"]
[Site "Tianjin"]
[Date "2019.11.29"]
[Round "11.4"]
[White "Kukhmazov, Arsen"]
[Black "Isakov, Michael"]
[Result "1/2-1/2"]
[WhiteElo "2377"]
[BlackElo "2162"]
[PlyCount "91"]
[EventDate "2019.11.26"]
[EventType "team-tourn"]
[EventCountry "CHN"]
[TimeControl "1500+10"]
[WhiteClock "0:03:35"]
[BlackClock "0:00:19"]

1. d4 d5 2. c4 e6 3. Nf3 Nf6 4. g3 Be7 5. Bg2 O-O 6. O-O Nbd7 7. Qc2 c6 8. Nbd2 b6 9. e4 dxc4 10. Nxc4 Ba6 11. Rd1 c5 12. d5 exd5 13. exd5 Bxc4 14. Qxc4 Bd6 15. Bf4 Qb8 16. Bxd6 Qxd6 17. Qa6 Ne4 18. Nh4 Rfe8 19. Re1 Ndf6 20. Qd3 g5 21. Bxe4 gxh4 22. Bf3 hxg3 23. hxg3 Re5 24. Rxe5 Qxe5 25. d6 Rd8 26. Rd1 c4 27. Qxc4 Rxd6 28. Rxd6 Qxd6 29. Kg2 Qe5 30. b4 a5 31. b5 Kg7 32. Bc6 h5 33. Bf3 Kg6 34. a4 Kg7 35. Qd3 Qc5 36. Qd2 Qe5 37. Qd8 Qc5 38. Qd3 Qe5 39. Qd2 Qc5 40. Qf4 Kg6 41. Bc6 Kg7 42. Bf3 Kg6 43. Bc6 Kg7 44. Kf1 Ng4 45. Kg2 Nf6 46. Bf3 1/2-1/2

[Event "World Prestigious University 2019"]
[Site "Tianjin"]
[Date "2019.11.29"]
[Round "11.5"]
[White "Lu, Andrew H"]
[Black "Tarasov, Alexandr"]
[Result "1/2-1/2"]
[WhiteElo "2071"]
[BlackElo "2348"]
[PlyCount "61"]
[EventDate "2019.11.26"]
[EventType "team-tourn"]
[EventCountry "CHN"]
[TimeControl "1500+10"]
[WhiteClock "0:09:20"]
[BlackClock "0:11:16"]

1. d4 e6 2. Nf3 c5 3. e4 cxd4 4. Nxd4 Nc6 5. Nb5 Nf6 6. N1c3 Bb4 7. a3 Bxc3+ 8. Nxc3 d5 9. exd5 Nxd5 10. Nxd5 exd5 11. Bd3 Qf6 12. O-O Be6 13. Qh5 h6 14. Bd2 O-O 15. Rfe1 d4 16. b4 Rad8 17. Be4 Rfe8 18. h4 Ne5 19. Qxe5 Qxe5 20. Bh7+ Kxh7 21. Rxe5 Rc8 22. Rc1 Rc4 23. Rc5 Rxc5 24. bxc5 Rc8 25. Bb4 a5 26. Bxa5 Rxc5 27. Bb6 Rc4 28. Rd1 Rxc2 29. Bxd4 b5 30. Rb1 Rc4 31. Rb4 1/2-1/2

[Event "World Prestigious University 2019"]
[Site "Tianjin"]
[Date "2019.11.29"]
[Round "11.6"]
[White "Bogachkova, Alena"]
[Black "Papanek, Ella"]
[Result "1/2-1/2"]
[WhiteElo "2080"]
[BlackElo "1777"]
[PlyCount "66"]
[EventDate "2019.11.26"]
[EventType "team-tourn"]
[EventCountry "CHN"]
[TimeControl "1500+10"]
[WhiteClock "0:00:44"]
[BlackClock "0:00:25"]

1. e4 c5 2. Nf3 e6 3. d4 cxd4 4. Nxd4 a6 5. Bd3 Qc7 6. O-O Nc6 7. Nxc6 bxc6 8. c4 Bb7 9. Nc3 Ne7 10. b3 Ng6 11. Bb2 f6 12. Re1 Bd6 13. g3 h5 14. Be2 O-O-O 15. Bxh5 Ne5 16. f4 Bc5+ 17. Kg2 Nd3 18. Qxd3 Rxh5 19. Na4 Ba7 20. c5 Rdh8 21. h4 Bxc5 22. Nxc5 Rxc5 23. Rad1 d5 24. e5 f5 25. a4 d4 26. b4 Rd5 27. Kf2 Qb6 28. Bxd4 Qxb4 29. Qc3 Qxa4 30. Rd2 Rhd8 31. Red1 Qa5 32. Qb2 Qb5 33. Qc3 Qa5 1/2-1/2

[Event "World Prestigious University 2019"]
[Site "Tianjin"]
[Date "2019.11.29"]
[Round "11.7"]
[White "Green, Michael L"]
[Black "Theodorou, Nikolas"]
[Result "0-1"]
[WhiteElo "2073"]
[BlackElo "2555"]
[PlyCount "50"]
[EventDate "2019.11.26"]
[EventType "team-tourn"]
[EventCountry "CHN"]
[TimeControl "1500+10"]
[WhiteClock "0:16:14"]
[BlackClock "0:09:05"]

1. Nf3 Nf6 2. c4 g6 3. Nc3 Bg7 4. e4 d6 5. Be2 O-O 6. h3 c6 7. d3 e5 8. O-O a5 9. Be3 Re8 10. a3 h6 11. Qd2 Kh7 12. Rab1 d5 13. exd5 cxd5 14. d4 exd4 15. Nxd4 dxc4 16. Bxc4 Ne4 17. Nxe4 Rxe4 18. Rfd1 Bxd4 19. Bxd4 Nc6 20. Bb6 Qxd2 21. Rxd2 Rxc4 22. b4 axb4 23. axb4 Bf5 24. Rbd1 Rxb4 25. Bc5 Rc4 0-1

[Event "World Prestigious University 2019"]
[Site "Tianjin"]
[Date "2019.11.29"]
[Round "11.8"]
[White "Chandra, Akshat"]
[Black "Zhong, Wei"]
[Result "1-0"]
[WhiteElo "2524"]
[BlackElo "1804"]
[PlyCount "61"]
[EventDate "2019.11.26"]
[EventType "team-tourn"]
[EventCountry "CHN"]
[TimeControl "1500+10"]
[WhiteClock "0:00:33"]
[BlackClock "0:10:24"]

1. Nc3 d5 2. e4 e6 3. d4 Nf6 4. Bg5 dxe4 5. Nxe4 Be7 6. Bxf6 Bxf6 7. Nf3 O-O 8. c3 Nd7 9. Bd3 b6 10. Qe2 Bb7 11. O-O-O Qe7 12. g4 g6 13. h4 c5 14. g5 Bg7 15. h5 cxd4 16. cxd4 Qb4 17. Kb1 Bd5 18. Nc3 Bxf3 19. Qxf3 Bxd4 20. a3 Qb3 21. Bc2 Qc4 22. Qe4 e5 23. hxg6 fxg6 24. Rxh7 Rf5 25. Qxa8+ Kxh7 26. Rh1+ Kg7 27. Qh8+ Kf7 28. Rh7+ Ke6 29. Qe8+ Kd6 30. Qxd7+ Kc5 31. Ne4# 1-0

[Event "World Prestigious University 2019"]
[Site "Tianjin"]
[Date "2019.11.29"]
[Round "11.9"]
[White "Serbanescu, Diana-Maria"]
[Black "Derakhshani, Dorsa"]
[Result "0-1"]
[WhiteElo "1990"]
[BlackElo "2277"]
[PlyCount "110"]
[EventDate "2019.11.26"]
[EventType "team-tourn"]
[EventCountry "CHN"]
[TimeControl "1500+10"]
[WhiteClock "0:01:28"]
[BlackClock "0:01:20"]

1. e4 e5 2. Nf3 Nc6 3. Bc4 Bc5 4. c3 Nf6 5. d3 a6 6. a4 d6 7. O-O Ba7 8. h3 Ne7 9. Bg5 Ng6 10. Qb3 O-O 11. Nh4 Nxh4 12. Bxh4 h6 13. Qd1 c6 14. Nd2 g5 15. Bg3 Be6 16. Kh2 h5 17. f3 h4 18. Bf2 Bxf2 19. Rxf2 Nh5 20. Nf1 d5 21. Ba2 Qf6 22. Qd2 Rad8 23. exd5 cxd5 24. d4 Nf4 25. Re1 e4 26. fxe4 dxe4 27. Bxe6 Qxe6 28. Rxf4 gxf4 29. Qxf4 f5 30. Qxh4 Rd7 31. Qg5+ Rg7 32. Qf4 Qg6 33. Ne3 Qg5 34. Rf1 Kh7 35. Qxg5 Rxg5 36. Rf4 Kg7 37. Kg1 Rf6 38. Kf2 Kf7 39. c4 Ke6 40. b4 Rf7 41. c5 Rd7 42. d5+ Ke5 43. Rxf5+ Rxf5+ 44. Nxf5 Kxf5 45. g4+ Kf4 46. d6 e3+ 47. Ke2 Ke4 48. h4 Rf7 49. b5 axb5 50. axb5 Rf2+ 51. Ke1 Rd2 52. g5 Kf3 53. g6 Rg2 54. Kd1 e2+ 55. Kd2 Rg1 0-1

[Event "World Prestigious University 2019"]
[Site "Tianjin"]
[Date "2019.11.29"]
[Round "11.10"]
[White "Wang, Yue"]
[Black "Fernandez, Daniel Howard"]
[Result "1-0"]
[WhiteElo "2674"]
[BlackElo "2444"]
[PlyCount "51"]
[EventDate "2019.11.26"]
[EventType "team-tourn"]
[EventCountry "CHN"]
[TimeControl "1500+10"]
[WhiteClock "0:07:45"]
[BlackClock "0:15:09"]

1. d4 Nf6 2. c4 g6 3. Nc3 Bg7 4. e4 d6 5. h3 O-O 6. Nf3 e5 7. d5 Nh5 8. g3 Na6 9. Be3 f5 10. exf5 gxf5 11. Ng5 Nf6 12. Qd2 Nc5 13. O-O-O Bd7 14. Be2 Nfe4 15. Ngxe4 Nxe4 16. Nxe4 fxe4 17. Bg4 Bf5 18. Bxf5 Rxf5 19. Qc2 b5 20. cxb5 Qd7 21. Qc6 Qc8 22. Kb1 a6 23. Rc1 Rf7 24. b6 Rb8 25. bxc7 Rb7 26. Qxb7 1-0

[Event "World Prestigious University 2019"]
[Site "Tianjin"]
[Date "2019.11.29"]
[Round "11.11"]
[White "Behar, Joshua"]
[Black "Li, Yankai"]
[Result "1/2-1/2"]
[WhiteElo "1974"]
[BlackElo "2432"]
[PlyCount "41"]
[EventDate "2019.11.26"]
[EventType "team-tourn"]
[EventCountry "CHN"]
[TimeControl "1500+10"]
[WhiteClock "0:11:30"]
[BlackClock "0:21:32"]

1. e4 c5 2. Nf3 d6 3. c3 Nf6 4. h3 Bd7 5. Bd3 e6 6. Bc2 Bc6 7. Qe2 Be7 8. O-O O-O 9. d4 cxd4 10. cxd4 d5 11. e5 Ne4 12. Nc3 Nxc3 13. bxc3 Qa5 14. Bg5 Qd8 15. h4 g6 16. Bh6 Re8 17. h5 Bf8 18. Bg5 Be7 19. Bh6 Bf8 20. Bg5 Be7 21. Bh6 1/2-1/2

[Event "World Prestigious University 2019"]
[Site "Tianjin"]
[Date "2019.11.29"]
[Round "11.13"]
[White "Bibby, Simon"]
[Black "Grigory, Oparin"]
[Result "0-1"]
[WhiteElo "2167"]
[BlackElo "2660"]
[PlyCount "52"]
[EventDate "2019.11.26"]
[EventType "team-tourn"]
[EventCountry "CHN"]
[TimeControl "1500+10"]
[WhiteClock "0:04:49"]
[BlackClock "0:11:06"]

1. d4 Nf6 2. Bg5 e6 3. e4 h6 4. Bxf6 Qxf6 5. c3 b6 6. Bd3 Bb7 7. Ne2 c5 8. O-O cxd4 9. cxd4 Nc6 10. d5 Ne5 11. dxe6 fxe6 12. Nbc3 Be7 13. h3 O-O 14. f4 Bc5+ 15. Kh1 Ng6 16. Qd2 Qh4 17. Kh2 Bf2 18. Nd1 Rxf4 19. g3 Bxg3+ 20. Nxg3 Raf8 21. Ne3 Rf3 22. Nef5 R8xf5 23. Nxf5 Rxh3+ 24. Kg1 Rh1+ 25. Kg2 Qh2+ 26. Kf3 Qxd2 0-1

[Event "World Prestigious University 2019"]
[Site "Tianjin"]
[Date "2019.11.29"]
[Round "11.14"]
[White "Dmitry, Gordievskiy"]
[Black "Hirao, Satoshi"]
[Result "1-0"]
[WhiteElo "2590"]
[BlackElo "1958"]
[PlyCount "65"]
[EventDate "2019.11.26"]
[EventType "team-tourn"]
[EventCountry "CHN"]
[TimeControl "1500+10"]
[WhiteClock "0:00:12"]
[BlackClock "0:11:48"]

1. Nf3 Nf6 2. c4 e6 3. g3 d5 4. b3 b6 5. Bg2 Bb7 6. Bb2 Be7 7. O-O O-O 8. e3 Nbd7 9. Nc3 dxc4 10. bxc4 c5 11. Qe2 a6 12. a4 Rb8 13. Rad1 Qc7 14. Ne1 Bxg2 15. Nxg2 Rfc8 16. f4 g6 17. g4 e5 18. g5 Nh5 19. Qf3 exf4 20. Nd5 Qd6 21. exf4 Re8 22. Qc3 f6 23. Nge3 b5 24. axb5 axb5 25. cxb5 Nb6 26. Nxe7+ Rxe7 27. gxf6 Re4 28. Ra1 Nd5 29. Qd3 Nhxf4 30. Qxe4 Nh3+ 31. Kh1 Ng5 32. f7+ Nxf7 33. Nxd5 1-0

[Event "World Prestigious University 2019"]
[Site "Tianjin"]
[Date "2019.11.29"]
[Round "11.15"]
[White "Balashov, Yuri S"]
[Black "Wang, Nancy"]
[Result "0-1"]
[WhiteElo "2465"]
[BlackElo "1823"]
[PlyCount "74"]
[EventDate "2019.11.26"]
[EventType "team-tourn"]
[EventCountry "CHN"]
[TimeControl "1500+10"]
[WhiteClock "0:05:51"]
[BlackClock "0:01:23"]

1. e4 c5 2. Nf3 Nc6 3. d4 cxd4 4. Nxd4 g6 5. c3 Nf6 6. Bd3 Bg7 7. O-O O-O 8. Re1 d6 9. Bg5 h6 10. Bxf6 Bxf6 11. Bc4 Nxd4 12. cxd4 Qb6 13. Qd2 Qxd4 14. Qxd4 Bxd4 15. Nc3 Bd7 16. Nd5 e6 17. Ne3 Rac8 18. Bd3 b5 19. Rab1 a5 20. b3 f5 21. exf5 gxf5 22. Nc2 Bc3 23. Red1 Kf7 24. Na3 Rc5 25. Rdc1 Rfc8 26. g3 e5 27. Rc2 e4 28. Be2 Bb4 29. Rxc5 Rxc5 30. Nxb5 Bxb5 31. Bh5+ Kf6 32. a4 Bd3 33. Rd1 Rc2 34. Kg2 Bc5 35. Kh3 Rxf2 36. g4 f4 37. Kh4 Rxh2# 0-1

[Event "World Prestigious University 2019"]
[Site "Tianjin"]
[Date "2019.11.29"]
[Round "11.16"]
[White "Li, Ethan"]
[Black "Daniel, Karim Abbas"]
[Result "1-0"]
[WhiteElo "2209"]
[BlackElo "2251"]
[PlyCount "121"]
[EventDate "2019.11.26"]
[EventType "team-tourn"]
[EventCountry "CHN"]
[TimeControl "1500+10"]
[WhiteClock "0:00:14"]
[BlackClock "0:02:05"]

1. d4 Nf6 2. c4 e6 3. Nf3 c5 4. d5 exd5 5. cxd5 d6 6. Nc3 g6 7. e4 Bg7 8. h3 O-O 9. Bd3 Nh5 10. O-O Nd7 11. Bg5 Bf6 12. Qd2 Ne5 13. h4 Nxf3+ 14. gxf3 h6 15. Bxh6 Bxh4 16. Bxf8 Bg5 17. Qc2 Kxf8 18. Ne2 Qf6 19. Qc3 Qxf3 20. Bb5 Qg4+ 21. Ng3 Bf6 22. Qe3 Nf4 23. Be2 Qh4 24. Rab1 Be5 25. Rfd1 Bh3 26. Bf3 a5 27. a3 Bd7 28. Kf1 Bb5+ 29. Ke1 Nh3 30. Bg2 Nf4 31. Bf3 Nh3 32. Bg2 Nf4 33. Bf3 Re8 34. Kd2 Nxd5 35. Qb3 Qf4+ 36. Kc2 Nc7 37. a4 Bc6 38. Rd3 Ne6 39. Ne2 Qh4 40. Rh1 Qxf2 41. Kb1 c4 42. Qxc4 Nc5 43. Rh7 Re7 44. Ra3 Kg8 45. Rh1 Bg7 46. Qc2 Nxe4 47. Rd1 Re8 48. Rad3 Nc5 49. Bxc6 Rxe2 50. R3d2 Rxd2 51. Rxd2 Qe1+ 52. Rd1 Qe5 53. Bxb7 Nxa4 54. Qc8+ Bf8 55. Qc2 Bg7 56. Rd2 Qe1+ 57. Ka2 Qe6+ 58. Bd5 Qe3 59. Qc8+ Bf8 60. Qd7 Qf4 61. Rd4 1-0